Cogmind - Beta 13 X1 @@@ ROGUE MODE // 2023.08.01 @ 02:40:51 Player: cptwinky Result: Destroyed by D-53 Grenadier with Mini Grenade Launcher Performance ------------- Evolutions (1) 500 Regions Visited (3) 600 Robots Destroyed (57) 285 Value Destroyed (1482) 1482 Prototype IDs (3) 60 Alien Tech Used (0) 0 Bonus (18) 18 TOTAL SCORE: 2945 Bonus ------- High Alert Combat Kills 18 Cogmind --------- Core Integrity 0/400 Matter 221/300 Energy 100/100 System Corruption 0% Temperature Cool (0) Movement Core (50) Location -9/Mines Parts ------- > --- POWER (1) -------- (None) > --- PROPULSION (3) --- Aluminum Leg Improved Aluminum Leg > --- UTILITY (3) ------ (None) > --- WEAPON (2) ------- Beam Rifle > --- INVENTORY (5) ---- Heavy Ion Engine Heavy Ion Engine Cooling System Hacking Suite Katana Peak State ------------ > --- POWER ------------ Heavy Ion Engine > --- PROPULSION ------- Aluminum Leg Aluminum Leg Aluminum Leg > --- UTILITY ---------- Heat Sink Improved Heat Sink Large Storage Unit > --- WEAPON ----------- Small Laser Small Laser > --- INVENTORY -------- Ion Engine Ion Engine Heavy Ion Engine Heavy Ion Engine Cooling System Hacking Suite Small Laser Beam Rifle Datajack Hammer [Rating: 14] Favorites ----------- Power Ion Engine Engine Ion Engine Propulsion Aluminum Leg Leg Aluminum Leg Utility Improved Heat Sink Device Improved Heat Sink Storage Small Storage Unit Protection Light Armor Plating Weapon Small Laser Energy Gun Small Laser Ballistic Gun Light Assault Rifle Launcher Rocket Launcher Special Melee Weapon Datajack Build | -11 -10 -9 -9 ------- Run | Jun Mat Mat Min Slots Evolved 2 | . . 2 . Power . | . . . . Propulsion 1 | . . 1 . Utility 1 | . . 1 . Weapon . | . . . . Parts Attached 42 | . 14 27 1 Power 3 | . . 3 . Engine 3 | . . 3 . Core . | . . . . Reactor . | . . . . Propulsion 12 | . 4 8 . Treads . | . . . . Leg 12 | . 4 8 . Wheel . | . . . . Hover . | . . . . Flight . | . . . . Utility 7 | . 3 4 . Device 4 | . 3 1 . Storage 2 | . . 2 . Processor . | . . . . Hackware . | . . . . Protection 1 | . . 1 . Artifact . | . . . . Weapon 20 | . 7 12 1 Energy Gun 10 | . 3 7 . Energy Cannon . | . . . . Ballistic Gun 2 | . 2 . . Ballistic Cannon . | . . . . Launcher 4 | . . 3 1 Special Weapon . | . . . . Impact Weapon . | . . . . Slashing Weapon . | . . . . Piercing Weapon . | . . . . Special Melee Weapon 4 | . 2 2 . Unidentified Prototypes 2 | . . 2 . Corrupted Parts 1 | . 1 . . System Corruption 6 | . 6 . . Parts Lost 13 | . 3 8 2 Power . | . . . . Propulsion 6 | . 1 4 1 Utility 2 | . 1 1 . Weapon 5 | . 1 3 1 Highest Loss Streak 3 | . 3 3 2 To Critical Strikes . | . . . . Average Slot Usage (%) 90 | . 95 90 42 Engine 11 | . 14 11 1 Leg 29 | . 28 31 24 Device 11 | . 10 14 2 Storage 11 | . 14 11 1 Protection 1 | . . 2 . Energy Gun 14 | . 8 18 11 Ballistic Gun 7 | . 16 . . Special Melee Weapon 1 | . 2 . . Naked Turns . | . . . . Heaviest Build 32 | 13 14 32 23 Greatest Support 33 | 20 20 33 33 Greatest Overweight (x) 1 | . . 1 1 Average Overweight (x) . | . . . . Largest Inventory Capacity 15 | 8 8 15 10 Average Capacity 9 | 8 8 10 5 Most Carried 11 | 6 8 11 8 Average Carried 7 | 6 6 8 5 Final Capacity 10 | 8 8 10 5 Final Carried 8 | 6 7 8 5 Class Distribution -------------------- 52% | Scavenger-Mutant 47% | Mutant Dominant Class ---------------- Mutant | -10/Materials Scavenger-Mutant | -9/Materials Mutant | -9/Mines Resources | -11 -10 -9 -9 ----------- Run | Jun Mat Mat Min Matter Collected 806 | 200 297 300 9 Remotely . | . . . . Salvage Created 1953 | . 798 1139 16 Parts 110 | . 50 54 6 Haulers Intercepted 4 | . 2 2 . Recyclers Shooed 2 | . . 2 . Parts Field Recycled . | . . . . Retrieved Matter . | . . . . Parts Self-Destructed . | . . . . Prevented . | . . . . Kills | -11 -10 -9 -9 ------- Run | Jun Mat Mat Min Combat Hostiles Destroyed 44 | . 20 20 4 Guns 35 | . 20 15 . AOE 9 | . . 5 4 Classes Destroyed 10 | . 4 6 . Worker 1 | . . 1 . Builder 1 | . . 1 . Hauler 4 | . 2 2 . Recycler 3 | . . 3 . Operator 1 | . 1 . . Watcher 3 | . . 3 . Swarmer 10 | . 6 . 4 Grunt 26 | . 14 12 . Duelist 3 | . . 3 . Sentry 5 | . . 5 . Best Kill Streak 6 | . 6 5 4 Combat Bots Only 6 | . 6 4 4 Max Kills in Single Turn 4 | . 1 2 4 Gunslinging . | . . . . Exploded 4 | . . 2 4 Melee . | . . . . Uniques/NPCs Destroyed . | . . . . Combat | -11 -10 -9 -9 -------- Run | Jun Mat Mat Min Damage Taken 2287 | . 808 1092 387 Core 624 | . 221 226 177 Absorbed by Shields . | . . . . Core Remaining (%) 55 | 100 11 . . Volleys Fired 169 | . 79 89 1 Largest 2 | . 2 2 1 Hottest 96 | . 80 96 33 Shots Fired 302 | . 158 143 1 Gun 289 | . 158 131 . Cannon . | . . . . Launcher 13 | . . 12 1 Special . | . . . . Kinetic 94 | . 94 . . Thermal 195 | . 64 131 . Explosive 13 | . . 12 1 Electromagnetic . | . . . . Robot Hit Streak 24 | . 9 24 . Robot Miss Streak 12 | . 12 5 . Penetration Max . | . . . . Secondary Targets 1 | . 1 . . Max Gunslinging Chain 1 | . 1 . . Shots Hit Robots 213 | . 102 111 . Core Hits 104 | . 42 59 3 Critical Kills 1 | . 1 . . Critical Parts Destroyed . | . . . . Critical Strikes 2 | . 1 1 . Burn 1 | . . 1 . Destroy 1 | . 1 . . Melee Attacks 1 | . . 1 . Impact . | . . . . Slashing . | . . . . Piercing . | . . . . Sneak Attacks 1 | . . 1 . Combat Hostiles . | . . . . Follow-up Attacks . | . . . . Damage Inflicted 3340 | . 1148 1985 207 Guns 2462 | . 1143 1319 . Cannons . | . . . . Explosions 861 | . . 654 207 Melee . | . . . . Ramming 17 | . 5 12 . Kinetic 637 | . 637 . . Thermal 1825 | . 506 1319 . Explosive 861 | . . 654 207 Electromagnetic . | . . . . Impact . | . . . . Slashing . | . . . . Piercing . | . . . . Highest Corruption 6 | . 6 . . Average Corruption 6 | . 6 . . Corruption Purged . | . . . . Corruption Blocked . | . . . . Overload Shots . | . . . . Overflow Damage 17 | . . 9 8 Projectiles . | . . . . Explosions 17 | . . 9 8 Melee . | . . . . Knockbacks . | . . . . Impact . | . . . . Kinetic . | . . . . Secondary . | . . . . Self-Inflicted Damage 113 | . . 84 29 Shots 4 | . . 3 1 Rammed . | . . . . Targets Rammed 7 | . 3 4 . Kicked 7 | . 3 4 . Crushed . | . . . . Highest Temperature 411 | . 174 411 . Average Temperature 66 | . 50 128 . Received Heat Transfer 630 | . 327 303 . Siege Activations . | . . . . Robots Corrupted . | . . . . Combat Hostiles . | . . . . Parts Fried . | . . . . Impact Corruptions . | . . . . Robots Melted . | . . . . Combat Hostiles . | . . . . Parts Melted 7 | . 1 6 . Heat Transferred 4135 | . 1075 3060 . Parts Sabotaged . | . . . . Parts Stolen . | . . . . Parts Stripped . | . . . . Power Chain Reactions . | . . . . Missiles Intercepted . | . . . . Alert | -11 -10 -9 -9 ------- Run | Jun Mat Mat Min Peak Influence 461 | . 461 288 229 Initial 153 | . . 153 89 Average 170 | . 163 175 194 Maximum Alert Level 2 | . 2 1 1 Low Security (%) 63 | 100 65 60 65 Level 1 31 | . 22 39 35 Level 2 5 | . 11 . . Level 3 . | . . . . Level 4 . | . . . . Level 5 . | . . . . High Security . | . . . . Max Security . | . . . . Squads Dispatched 6 | . 6 . . Investigation 4 | . 4 . . Extermination . | . . . . Reinforcement 2 | . 2 . . Assault . | . . . . Garrison . | . . . . Intercept . | . . . . Searches Triggered . | . . . . Construction Impeded . | . . . . Haulers Reinforced . | . . . . Active Scanning Responses . | . . . . Cargo Convoy Interrupts . | . . . . Stealth | -11 -10 -9 -9 --------- Run | Jun Mat Mat Min Distress Signals 6 | . 4 2 . Communications Jammed . | . . . . Distress Signals . | . . . . Times Spotted 78 | . 36 32 10 Peak Tracking Total 7 | . 7 4 4 Tactical Retreats 8 | . 4 2 2 Traps | -11 -10 -9 -9 ------- Run | Jun Mat Mat Min Traps Triggered 1 | . 1 . . Indirectly . | . . . . Trap Hack Attempts 105 | . 64 41 . Triggered 1 | . . 1 . Disarmed 1 | . 1 . . Reprogrammed 11 | . 5 6 . Reused 3 | . 1 2 . Traps Extracted . | . . . . Installed . | . . . . Triggered 3 | . 1 2 . Machines | -11 -10 -9 -9 ---------- Run | Jun Mat Mat Min Machines Disabled 1 | . . 1 . Max in Single Turn 1 | . . 1 . Machines Repaired . | . . . . Machines Sabotaged . | . . . . Overloaded Fab Kills . | . . . . Hacking | -11 -10 -9 -9 --------- Run | Jun Mat Mat Min Machines Accessed 14 | . 6 8 . Terminals 11 | . 4 7 . Fabricators . | . . . . Repair Stations 1 | . 1 . . Recycling Units 2 | . 1 1 . Scanalyzers . | . . . . Garrison Access . | . . . . Total Hacks 38 | . 18 20 . Successful 14 | . 5 9 . Failed 24 | . 13 11 . Catastrophic 5 | . 4 1 . Database Lockouts . | . . . . Manual 23 | . 11 12 . Terminals 31 | . 13 18 . Fabricators . | . . . . Repair Stations 3 | . 3 . . Recycling Units 4 | . 2 2 . Scanalyzers . | . . . . Garrison Access . | . . . . Terminal Hacks 9 | . 3 6 . Robot Analysis 5 | . 3 2 . Prototype ID Bank 1 | . . 1 . Unreport Threat 1 | . . 1 . Locate Traps 1 | . . 1 . Zone Layout 1 | . . 1 . Fabricator Hacks . | . . . . Repair Station Hacks . | . . . . Recycling Unit Hacks 1 | . 1 . . Retrieve Components 1 | . 1 . . Scanalyzer . | . . . . Garrison Access Hacks . | . . . . Unauthorized Hacks 4 | . 1 3 . Terminals 3 | . . 3 . Track 1 | . . 1 . Botnet 1 | . . 1 . Disrupt 1 | . . 1 . Fabricators . | . . . . Repair Stations . | . . . . Recycling Units 1 | . 1 . . Tunnel 1 | . 1 . . Scanalyzers . | . . . . Garrison Access . | . . . . Data Cores Recovered . | . . . . Used . | . . . . Hacking Detections 13 | . 5 8 . Full Trace Events 3 | . 3 . . Feedback Events . | . . . . Feedback Blocked . | . . . . Robot Schematics Acquired . | . . . . Robots Built . | . . . . Authchips . | . . . . Time . | . . . . Total Robot Build Rating . | . . . . Part Schematics Acquired . | . . . . Parts Built . | . . . . Authchips . | . . . . Time . | . . . . Total Part Build Rating . | . . . . Parts Repaired . | . . . . Time . | . . . . Parts Recycled . | . . . . Recycled Matter . | . . . . Retrieved Matter . | . . . . Retrieved Components 5 | . 5 . . Parts Scanalyzed . | . . . . Part Schematics Acquired . | . . . . Parts Damaged . | . . . . Bothacking | -11 -10 -9 -9 ------------ Run | Jun Mat Mat Min Used RIF Installer . | . . . . Robots Hacked 1 | . . 1 . Non-combat 1 | . . 1 . Combat . | . . . . Robot Hacks Applied 1 | . . 1 . no_distress 1 | . . 1 . Relay Couplers Released . | . . . . Fabnet Peak Effective % . | . . . . Robots Rewired . | . . . . Allies Hacked . | . . . . Hacks Repelled . | . . . . Allies | -11 -10 -9 -9 -------- Run | Jun Mat Mat Min Total Allies 3 | . . . 3 Largest Group 3 | . . . 3 Highest-Rated Group 40 | . . . 40 Highest-Rated Ally 16 | . . . 16 Total Orders . | . . . . Ally Attacks 6 | . . . 6 Total Damage 60 | . . . 60 Kills . | . . . . Allies Corrupted . | . . . . Allies Melted . | . . . . Intel | -11 -10 -9 -9 ------- Run | Jun Mat Mat Min Robot Analysis Total 5 | . 3 2 . Derelict Logs Recovered . | . . . . Drone Launches . | . . . . Drone Recoveries . | . . . . Exploration | -11 -10 -9 -9 ------------- Run | Jun Mat Mat Min Turns Passed 2828 | 3 1265 1440 120 Spaces Moved 1386 | 3 553 669 161 Core 155 | . . . 155 Treads . | . . . . Legs 1231 | 3 553 669 6 Wheels . | . . . . Hover . | . . . . Flight . | . . . . Fastest Speed 50 | 120 120 120 50 Average Speed 115 | 120 120 125 57 Slowest Speed 190 | 120 120 190 120 Overloaded Moves . | . . . . Propulsion Burnouts . | . . . . Robots Hopped . | . . . . Cave-ins Triggered . | . . . . Exploration Rate (%) 38 | 3 66 52 31 Regions Visited 3 Branch Regions 1 Pre-discovered Areas 1 | . 1 . . Known Exits Taken . | . . . . Unknown Exits Taken 3 | 1 1 1 . Scrap Searched . | . . . . Spaces Dug 19 | . . 8 11 Terrain Destroyed 74 | . . 63 11 Melee . | . . . . Projectile . | . . . . AOE 74 | . . 63 11 Terrain Rammed . | . . . . Walls Destroyed . | . . . . Machines Disabled . | . . . . Actions | -11 -10 -9 -9 --------- Run | Jun Mat Mat Min Total 2320 | 2 1005 1125 188 Wait 563 | . 274 267 22 Move 1383 | 2 552 668 161 Hop . | . . . . Pick Up 22 | . 9 13 . Fast Attach 12 | . 3 9 . Attach 12 | . 3 8 1 Detach 4 | . . 4 . Swap 18 | . 8 10 . Drop 24 | . 10 11 3 Fire 169 | . 79 89 1 Melee 1 | . . 1 . Ram . | . . . . Kick 7 | . 3 4 . Crush . | . . . . Escape Stasis . | . . . . Rewire . | . . . . Trap 105 | . 64 41 . Miscellaneous . | . . . . Route ------- -11/Junkyard -10/Materials (discovered 2 exits: *Mat x2) -9/Materials (discovered 2 exits: [*Mat] / [*Min]) -9/Mines History --------- Turn | Location | Event 1 | -11/Junkyard | Discovered new exit (range 2) 4 | -11/Junkyard | Entered Materials 301 | -10/Materials | Build established: Mutant 894 | -10/Materials | Discovered new exit (range 4) 924 | -10/Materials | Core integrity fell below 50% 965 | -10/Materials | Lost 3 parts (1n1u1w) 1145 | -10/Materials | Core integrity fell below 20% 1258 | -10/Materials | Discovered new exit (range 9) 1269 | -10/Materials | Entered another Materials area 1269 | -9/Materials | Evolved 2 slots: Propulsion x1, Utility x1 1579 | -9/Materials | Build established: Scavenger-Mutant 2315 | -9/Materials | Discovered new exit (range 16) 2424 | -9/Materials | Lost 3 parts (2n1w) 2572 | -9/Materials | Core integrity fell below 50% 2652 | -9/Materials | Discovered new exit (range 7) 2709 | -9/Materials | Entered Mines 2710 | -9/Mines | Assembled infested the area 2757 | -9/Mines | Core integrity fell below 20% 2793 | -9/Mines | Assisted by bots powering up and referring to "LRC-V3" 2829 | -9/Mines | Destroyed by D-53 Grenadier with Mini Grenade Launcher Last Messages --------------- 02720_ Dropped Med. Storage Unit. 02720_ Dropped Ion Engine. 02722_ U-05 Engineer lays Concrete. 02725_ The unstable cave ceiling collapses. 02726_ U-05 Engineer lays Concrete. 02726_ K-01 Serf collects debris. 02727_ U-05 Engineer lays Concrete. 02732_ The unstable cave ceiling collapses. 02734_ Aluminum Leg destroyed. 02737_ The unstable cave ceiling collapses. 02737_ Dropped Imp. Heat Sink. 02741_ K-01 Serf collects debris. 02769_ K-01 Serf destroyed. 02776_ K-01 Serf collects debris. 02793_ Trooper 2a: "Hello LRC-V3. What is your command?" 02793_ Mercenary 2a: "Hello LRC-V3. What is your command?" 02793_ Trooper 2b: "Hello LRC-V3. What is your command?" 02825_ Mercenary 2a destroyed. 02826_ Trooper 2b destroyed. 02829_ Trooper 2a destroyed. Map ----- +----------------------------------------------------+ | ??????????????????????????????????? | | ??????????????????????????????????? | | ??????????????????????????????????? | | ??????????????????????????????????? | | ??????????????????????????????????? | | ??????????????????????????????????? | | ??????????????????????????????????? | | ??????????????????????????????????? | | ??????????????????????????????????? | | ??????????????????????????????????? | | ??????????????????????????????????? | | ??????????????????????????????????? | | ??????????????????????????????????? | | ??????????????????????????????????? | | ####??????????????????????????????? | | # ###?????????????????????????????? | | ] #?????????????#######?????????? | | *! ##???????????### ######???? | | =/ #???????????# #???? | | = ##???????##### #???? | | ##????????# #???? | | ##?????????# #???? | | #??????????# % #???? | | ##??????????##### * #???? | | #???????????????# dd = #???? | | ###?????????????### @#####???? | | #???????????????# ###???????? | | #####????######## ### #?????????? | | # #?# #####?????? | | # # #?????############ ##????? | | # #??????????????## #????? | | #?????????????## """ #????? | | # #????????????## """ #????? | | # #????????????# """ #????? | | ## #???????????## #???? | | ## ###?????????# ## #???? | | #????????## #### #???? | | # #######?## #??? #???? | | #?# #??? #???? | | # ##### #?# ##???? ##???? | | ##### #?## ##?????? ##????? | | #??# #????????#?????? | | ## """ ##### #??# #??????????????? | | """ #???# #### #??????????????? | | ## """ #???# ## #??????????????? | | ?# #???# #??????????????? | | ?#######???# ### #?????????????? | | ???????????# #?# #????????????? | | ???????????# #? #????????????? | | ???????????# #????????????? | +----------------------------------------------------+ Best States ------------- Heat Dissipation 52 Energy Generation 10 Energy Capacity 250 Matter Stores 300 Matter Capacity 300 Sight Range 16 Terrain Scan Density 10 Armor Coverage 150 Evasion (%) 55 Item Schematics ----------------- None Robot Schematics ------------------ None Fabricated ------------ Nothing Alien Tech Used ----------------- None Achievements -------------- None Challenges ------------ None Game ------ Seed ReactionImpactNeutralizer Manual? 0 Play Time 00:16:20 Cumulative 1376.7 hours Start 2023.08.01 @ 02:25:36 End 2023.08.01 @ 02:40:51 Sessions 1 Manual Loads 0 Difficulty Rogue Special Mode None Game No. 980 Rogue 976 Adventurer 4 Explorer 0 Win Type - Total 159 Types 117/11/10/7/2/1/1/6/4 Lore% 96 Gallery% 98 Achievement% 98 Wizard Run 0 Options --------- ASCII 0 Keyboard 1 Movement Vi Keybinds 0 Fullscreen 0 Font 20/X11 Map View 76x50 Tactical HUD 1 Map Filters NONE Filters NONE Steam 1 RUN: 5c6470aa-a460-49b8-8ef4-996cd6d12aec